 Dungeon Sprint DCSS version 0.20-a0-1089-g3fde505 (webtiles) character file.

1395 ElephantJack the Carver (level 8, -7/69 HPs)
             Began as a Demonspawn Fighter on May 4, 2017.
             Was a Priest of Makhleb.
             Mangled by a jumping spider (8 damage)
             ... summoned by a deep elf mage
             ... in the Dungeon (Sprint IX: "|||||||||||||||||||||||||||||").
             The game lasted 00:01:09 (208 turns).

ElephantJack the Carver (Demonspawn Fighter)         Turns: 208, Time: 00:01:10

Health: -7/69      AC: 16    Str: 16      XL:     8   Next: 41%
Magic:  13/15      EV:  6    Int:  8 (10) God:    Makhleb [***...]
Gold:   0          SH: 10    Dex: 18      Spells: 7/7 levels left

rFire    . . .     SeeInvis .   a - +0 long sword
rCold    . . .     Gourm    .   c - +0 shield
rNeg     . . .     Faith    .   q - +1 chain mail
rPois    .         Spirit   .   (no helmet)
rElec    .         Reflect  .   o - +0 cloak
rCorr    .         Harm     .   p - +0 pair of gloves
MR       .....     NoTele   +   (no boots)
Stlth    ..........             (no amulet)
Regen    0.3/turn               s - +3 ring of dexterity
MPRegen  0.2/turn               r - +2 ring of protection

@: drained
A: talons 1, rugged brown scales 1, blurry vision 1, demonic guardian 1, powered
by death 2
a: Minor Destruction, Lesser Servant of Makhleb, Renounce Religion


You were in the Dungeon.
You worshipped Makhleb.
Makhleb was most pleased with you.
You were not hungry.

You visited 1 branch

Inventory:

Hand Weapons
 a - a +0 long sword (weapon)
Armour
 b - a +0 scale mail
 c - a +0 shield (worn)
 o - a +0 cloak (worn)
 p - a +0 pair of gloves (worn)
 q - a +1 chain mail (worn)
Jewellery
 r - a +2 ring of protection (right hand)
 s - a +3 ring of dexterity (left hand)
Wands
 n - a wand of acid (2/15)
Scrolls
 k - 2 scrolls of blinking
 l - 3 scrolls of remove curse
 m - 2 scrolls of amnesia
Potions
 d - a potion of might
 e - 5 potions of curing
 g - 3 potions of heal wounds
 h - a potion of haste
 i - 4 potions of magic
 j - a potion of invisibility
Comestibles
 f - a bread ration


   Skills:
 + Level 7.3(6.7) Fighting
 + Level 11.3(10.7) Long Blades
 + Level 7.1(6.5) Armour
 + Level 2.7(2.3) Dodging
 + Level 6.5(5.9) Shields
 * Level 9.5(8.9) Invocations


You had 7 spell levels left.
You didn't know any spells.

Dungeon Overview and Level Annotations

Branches:
Dungeon (1/1)

Altars:
Cheibriados
Dithmenos
Elyvilon
Fedhas
Gozag
Hepliaklqana
Kikubaaqudgha
Makhleb
Nemelex Xobeh
Okawaru
Qazlal
Ru
Sif Muna
Trog
Uskayaw
Vehumet
Wu Jian
Xom
Yredelemnul
Zin
The Shining One
Beogh
Jiyva
Lugonu


Innate Abilities, Weirdness & Mutations

You have sharp toenails.
You are partially covered in rugged brown scales. (AC +1, +3% HP)
A weak demonic guardian rushes to your aid.
You regenerate health from kills.
Scrolls take you a little longer to read.


Message History

The jumping spider leaps!
Unknown command.
You hit the hell rat but do no damage.
The hell rat is heavily wounded.
The jumping spider leaps!
You block the hell rat's attack.
You hit the hell rat.
The hell rat is severely wounded.
The hell rat bites you but does no damage.
You slash the hell rat!
You kill the hell rat!
The hell rat's corpse disappears in a puff of smoke!
The jumping spider leaps!
The deep elf mage casts a spell at you.
The bolt of negative energy misses the hell rat.
The bolt of negative energy hits the chaos spawn.
The chaos spawn completely resists.
The bolt of negative energy hits you!
You feel drained.
* * * LOW HITPOINT WARNING * * *
The jumping spider pounces on you!
You die...

▓.▓
▓.▓
▓§▓
▓.▓
▓)▓
▓§▓
▓.▓
▓s▓
▓@▓
▓4▓
▓r▓
▓e▓
▓s▓
▓4▓
▓.▓
▓.▓
▓.▓


You could see a demonic crawler, a deep elf mage, a chaos spawn, a jumping
spider, a red devil and a hell rat.

Vanquished Creatures
  A two-headed ogre (D)
  A troll (D)
  A vampire mosquito (D)
  2 orc warriors (D)
  A scorpion (D)
  A crimson imp (D)
  2 hounds (D)
  3 worker ants (D)
  2 adders (D)
  A jackal (D)
  A kobold (D)
  A bat (D)
  A frilled lizard (D)
  2 rats (D)
20 creatures vanquished.

Vanquished Creatures (others)
  An orc warrior (D)
1 creature vanquished.

Grand Total: 21 creatures vanquished

Notes
Turn   | Place    | Note
-------+----------+-------------------------------------------
     0 | D        | ElephantJack the Demonspawn Fighter began the quest for the Orb.
     0 | D        | Reached XP level 1. HP: 18/18 MP: 1/1
     5 | D        | Reached skill level 2 in Long Blades
    15 | D        | Reached skill level 3 in Long Blades
    34 | D        | Noticed a crimson imp
    34 | D        | Noticed a worker ant
    34 | D        | Noticed a worker ant
    35 | D        | Reached skill level 4 in Long Blades
    35 | D        | Gained mutation: You are partially covered in rugged brown scales. (AC +1, +3% HP) [demonic ancestry]
    35 | D        | Reached XP level 2. HP: 24/24 MP: 2/2
    39 | D        | Reached skill level 6 in Long Blades
    39 | D        | Gained mutation: A weak demonic guardian rushes to your aid. [demonic ancestry]
    39 | D        | Reached XP level 3. HP: 29/29 MP: 3/3
    48 | D        | Reached skill level 7 in Long Blades
    58 | D        | Reached skill level 8 in Long Blades
    58 | D        | Reached XP level 4. HP: 24/36 MP: 4/4
    61 | D        | Found a roughly hewn altar of Beogh.
    61 | D        | Found a snail-covered altar of Cheibriados.
    61 | D        | Found a shadowy altar of Dithmenos.
    61 | D        | Found a white marble altar of Elyvilon.
    61 | D        | Found a blossoming altar of Fedhas.
    61 | D        | Found an opulent altar of Gozag.
    62 | D        | Found a hazy altar of Hepliaklqana.
    63 | D        | Found a viscous altar of Jiyva.
    64 | D        | Found an ancient bone altar of Kikubaaqudgha.
    65 | D        | Found a corrupted altar of Lugonu.
    66 | D        | Found a burning altar of Makhleb.
    67 | D        | Found a sparkling altar of Nemelex Xobeh.
    68 | D        | Found an iron altar of Okawaru.
    69 | D        | Found a stormy altar of Qazlal.
    70 | D        | Found a sacrificial altar of Ru.
    71 | D        | Found a deep blue altar of Sif Muna.
    72 | D        | Found a bloodstained altar of Trog.
    73 | D        | Found a hide-covered altar of Uskayaw.
    74 | D        | Became a worshipper of Makhleb the Destroyer
    75 | D        | Found a radiant altar of Vehumet.
    76 | D        | Found an ornate altar of the Wu Jian Council.
    77 | D        | Found a shimmering altar of Xom.
    78 | D        | Found a basalt altar of Yredelemnul.
    79 | D        | Found a glowing silver altar of Zin.
    80 | D        | Found a glowing golden altar of the Shining One.
   131 | D        | Noticed an orc warrior
   131 | D        | Noticed a two-headed ogre
   133 | D        | Gained mutation: You regenerate a little health from kills. [demonic ancestry]
   133 | D        | Reached XP level 5. HP: 40/43 MP: 4/7
   137 | D        | Killed a two-headed ogre
   137 | D        | Reached * piety under Makhleb
   137 | D        | Reached skill level 10 in Long Blades
   137 | D        | Reached skill level 5 in Shields
   137 | D        | Gained mutation: You have sharp toenails. [demonic ancestry]
   137 | D        | Reached XP level 6. HP: 48/54 MP: 4/12
   137 | D        | Reached XP level 7. HP: 54/60 MP: 4/13
   148 | D        | Reached ** piety under Makhleb
   158 | D        | Noticed a troll
   158 | D        | Noticed a deep elf mage
   158 | D        | Noticed a vampire mosquito
   160 | D        | Killed a vampire mosquito
   160 | D        | Gained mutation: You regenerate health from kills. [demonic ancestry]
   160 | D        | Reached XP level 8. HP: 66/66 MP: 7/14
   165 | D        | Reached skill level 11 in Long Blades
   179 | D        | Noticed a jumping spider
   180 | D        | Killed a troll
   180 | D        | Reached *** piety under Makhleb
   187 | D        | Noticed a sun demon
   187 | D        | Gained mutation: Scrolls take you a little longer to read. [a neqoxec]
   199 | D        | Noticed a demonic crawler
   200 | D        | Noticed a red devil
   208 | D        | HP: 1/69 [deep elf mage/bolt of negative energy (16)]
   208 | D        | Mangled by a jumping spider

Vault maps used:
D:        linesprint

Skill      XL: |  1  2  3  4  5  6  7  8 |
---------------+-------------------------+-----
Long Blades    | 4 6 8 10 11 | 11.3
Armour         | 3 6 7 |  7.1
Shields        | 3 5 6 |  6.5
Invocations    | 3 8 9 |  9.5
Fighting       | 6 7 |  7.3
Dodging        | 2 |  2.7

Action                   |  1- 3 |  4- 6 |  7- 9 || total
-------------------------+-------+-------+-------++-------
Melee: Long sword        |    35 |     3 |    55 ||    93
       Kick              |       |       |    19 ||    19
Evoke: Wand              |       |     3 |     2 ||     5
  Use: Potion            |     1 |       |       ||     1
Armor: Scale mail        |    12 |       |       ||    12
       Chain mail        |       |     2 |    26 ||    28
Dodge: Dodged            |     6 |     1 |     9 ||    16
Block: Shield            |    14 |     4 |    24 ||    42
       Rpst.: Long sword |     1 |       |     2 ||     3
